 Dungeon Crawl Stone Soup version 0.31-a0-675-g238779eb0a (webtiles) character file.

Game seed: 14609649480610099498

2133 Xavori the Covert (level 9, 0/58 (61) HPs)
             Began as an Octopode Chaos Knight on Sept 5, 2023.
             Was a Plaything of Xom.
             Succumbed to a kobold brigand's curare-tipped dart
             ... on level 6 of the Dungeon.
             The game lasted 00:07:10 (10084 turns).

Xavori the Covert (Octopode Chaos Knight)          Turns: 10084, Time: 00:07:10

HP:   0/58 (61)     AC:  3    Str: 10    XL:     9   Next: 30%
MP:   9/9           EV: 15    Int: 14    God:    Xom [*.....]
Gold: 272           SH:  0    Dex: 19    Spells: 8/8 levels left

rFire   . . .        s - +1 dagger (protect)
rCold   . . .        (no shield)
rNeg    . . .        t - +0 hat of True Grit {SInv}
rPois   .            (no amulet)
rElec   .            (no ring)
rCorr   .            (no ring)
SInv    +            (no ring)
Will    .....        (no ring)
Stlth   +++++++      (no ring)
HPRegen 0.29/turn    (no ring)
MPRegen 0.11/turn    (no ring)
                     (no ring)

%: no passive effects
@: lethally poisoned (0 -> -5), slowed, lightly drained, very slow
A: almost no armour, amphibious, 8 rings, camouflage 2, gelatinous body 1,
(nimble swimmer 1), tentacles, tentacle spike 1, iridescent scales 1, agile 1
a: Renounce Religion


You were on level 6 of the Dungeon.
You worshipped Xom.
You were a special plaything of Xom.
You visited 1 branch of the dungeon, and saw 7 of its levels.

You collected 394 gold pieces.
You spent 122 gold pieces at shops.

Inventory:

Hand Weapons
 a - a +0 short sword of chaos
 s - a +1 dagger of protection (weapon)
 u - the +9 mace of Insufficient Pleasure {protect, rC+++ Str+3 Int+2 Dex-5}
   (You found it on level 4 of the Dungeon)

   Str+3:     It affects your strength (+3).
   Int+2:     It affects your intelligence (+2).
   Dex-5:     It affects your dexterity (-5).
   rC+++:     It renders you almost immune to cold.
Armour
 t - the +0 hat of True Grit (worn) {SInv}
   (Xom gifted it to you on level 4 of the Dungeon)

   SInv:      It lets you see invisible.
Talismans
 y - a flux talisman
Wands
 i - a wand of acid (33)
 l - a wand of flame (33)
 n - a wand of polymorph (11)
 x - a wand of charming (12)
Scrolls
 b - a scroll of butterflies
 c - 3 scrolls of amnesia {unknown}
 f - a scroll of brand weapon {unknown}
 j - a scroll of noise {unknown}
 o - 2 scrolls of poison {unknown}
 p - a scroll of immolation {unknown}
 q - a scroll of teleportation {unknown}
 v - a scroll of revelation
 w - a scroll of blinking
Potions
 d - a potion of haste {unknown}
 e - a potion of invisibility {unknown}
 g - a potion of mutation {unknown}
 h - a potion of ambrosia {unknown}
 k - 3 potions of heal wounds {unknown}
 m - 2 potions of lignification {unknown}
 r - 3 potions of curing
 z - a potion of enlightenment {unknown}
 A - a potion of might {unknown}


   Skills:
 + Level 5.2 Fighting
 + Level 6.9 Short Blades
 + Level 4.4 Dodging
 + Level 9.6 Stealth
 + Level 1.2 Unarmed Combat
 * Level 4.7 Evocations
 * Level 0.5 Shapeshifting


You had 8 spell levels left.
You didn't know any spells.
Your spell library contained the following spells:

 Spells                   Type           Power      Damage    Failure   Level
 Apportation              Tloc           0%         N/A       28%         1
 Necrotise                Necr           0%         1d4       28%         1
 Shock                    Conj/Air       0%         1d3       28%         1
 Summon Small Mammal      Summ           0%         N/A       28%         1
 Blink                    Tloc           0%         N/A       41%         2
 Swiftness                Air            0%         N/A       65%         3
 Volatile Blastmotes      Fire/Tloc      0%         2d10      65%         3
 Airstrike                Air            0%         2d(0-16)  96%         4
 Fulminant Prism          Conj/Hex       0%         3d5       96%         4
 Iskenderun's Mystic Bla  Conj/Tloc      0%         2d3       96%         4
 Manifold Assault         Tloc           0%         N/A       96%         4
 Vhi's Electric Charge    Tloc/Air       0%         N/A       96%         4
 Arcjolt                  Conj/Air       0%         1d10      100%        5
 Plasma Beam              Fire/Air       0%         2x1d10    100%        6


Dungeon Overview and Level Annotations

Branches:
Dungeon (7/15)             Temple (0/1) D:4

Altars:
Kikubaaqudgha
Nemelex Xobeh
Qazlal
Ru
Trog
Vehumet
Xom
Yredelemnul

Shops:
D:3 =   D:5 *?*(


Innate Abilities, Weirdness & Mutations

You cannot wear most types of armour.
You are amphibious.
You can wear up to eight rings at the same time.
Your skin blends seamlessly with your surroundings (Stealth++).
Your rubbery body absorbs attacks. (AC +1, EV +1)
((You are camouflaged when in or above water. (Stealth+)))
You have tentacles for arms and can constrict up to eight enemies at once.
One of your tentacles bears a spike.
You are partially covered in iridescent scales. (AC +2)
You are agile. (Dex +4, Str/Int -1)


Message History

The wight hits you from afar with a +0 trident.
The kobold hits you with a +0 whip.
The wight hits you from afar with a +1 trident!
You feel drained.
The kobold brigand hits you with a +0 short sword.
You climb upwards.
There is a stone staircase leading down here.
You are too injured to fight recklessly!
The kobold hits you with a +0 whip. The wight attacks as it pursues you!
The wight hits you with a +3 morningstar!
* * * LOW HITPOINT WARNING * * *
The kobold brigand closely misses you. The kobold brigand closely misses you.
The kobold brigand throws a curare-tipped dart.
The curare-tipped dart barely misses you.
The kobold brigand throws a curare-tipped dart.
The curare-tipped dart barely misses you.
The kobold brigand throws a curare-tipped dart.
The curare-tipped dart barely misses you.
The kobold brigand throws a curare-tipped dart.
The curare-tipped dart hits you.
You are poisoned.
You have difficulty breathing.
* * * LOW HITPOINT WARNING * * *
You feel yourself slow down.
You feel very sick.
You feel sick.
You feel sick.
You feel sick.
You feel sick.
You are no longer poisoned.
You feel yourself speed up.
The kobold brigand throws a curare-tipped dart.
The curare-tipped dart hits you.
You are poisoned.
You have difficulty breathing.
* * * LOW HITPOINT WARNING * * *
You feel yourself slow down.
You die...
Xom bursts into laughter!

####### ......# #####.# ###
####### #####.#######.##
#.....#
##.........#...#####.###.#
##......##......@......#.#
##..#.#.####...#####.....###
......#.# ##.## #....K....#
.###.##.# #.# #.###.###.# .#
#..#.# #.# #.# #.# #.#
.###..#.# ##'## #.# #.###.#
......#.# ##...###.# #.K...#
###.#.#.###.....##.# ####..#
##.....##.[.....#.# ##.#..#


There were no monsters in sight!

Vanquished Creatures
  A yak (D:6)
  4 black bears
  2 orc warriors (D:6)
  A sky beast (D:6)
  2 ogres (D:5)
  A centaur (D:6)
  2 lemures (D:6)
  A phantom (D:5)
  A gnoll sergeant (D:6)
  A scorpion (D:3)
  A wight (D:7)
  4 hounds
  An orc priest (D:5)
  Ijyb (D:3)
  2 jellies
  2 sleepcaps
  Jessica (D:3)
  Natasha (thrice) (D:3)
  An iguana (D:5)
  4 orc wizards
  10 gnolls
  4 adders
  A shadow imp (D:6)
  3 worms
  A dart slug (D:5)
  35 orcs
  8 ball pythons
  A bat (D:3)
  8 endoplasms
  2 giant cockroaches
  12 goblins
  4 hobgoblins
  2 jackals (D:4)
  12 kobolds
  3 quokkas
  5 frilled lizards
  4 rats
  A spectral orc (D:5)
  A butterfly (D:4)
153 creatures vanquished.

Vanquished Creatures (collateral kills)
  An orc priest (D:5)
  A sleepcap (D:5)
  An orc wizard (D:5)
  3 gnolls (D:5)
  An adder (D:5)
  3 orcs (D:5)
  A goblin (D:3)
11 creatures vanquished.

Vanquished Creatures (others)
  An orc wizard (D:3)
1 creature vanquished.

Grand Total: 165 creatures vanquished

Notes
Turn   | Place    | Note
-------+----------+-------------------------------------------
     0 | D:1      | Xavori the Octopode Chaos Knight began the quest for the
                  | Orb.
     0 | D:1      | Reached XP level 1. HP: 16/16 MP: 1/1
    41 | D:1      | Reached XP level 2. HP: 20/21 MP: 2/2
   251 | D:1      | You fall into a shaft and drop 1 floor!
   412 | D:1      | XOM: butterfly on damage
   553 | D:1      | XOM: divination: detect items
  1464 | D:1      | XOM: divination: detect creatures
  1855 | D:1      | XOM is BORED!
  1855 | D:1      | XOM: give mutations
  1855 | D:1      | Gained mutation: You have a pair of small antennae on your
                  | head. [Xom's mischief]
  1855 | D:1      | Gained mutation: Your magical capacity is low. (-10% MP)
                  | [Xom's mischief]
  1855 | D:1      | Gained mutation: You are agile. (Dex +4, Str/Int -1) [Xom's
                  | mischief]
  2061 | D:1      | XOM: cloud trail
  3046 | D:1      | XOM: scenery: create altars
  3099 | D:1      | XOM: divination: magic mapping
  3376 | D:1      | XOM: god gift: plate armour {god gift}
  3580 | D:1      | XOM: scenery: summon butterflies
  4273 | D:1      | XOM is BORED!
  4273 | D:1      | XOM: noise
  4375 | D:1      | XOM: divination: detect creatures
  4528 | D:1      | XOM: god gift: datura-tipped dart
  5838 | D:1      | XOM: give mutations
  5838 | D:1      | Gained mutation: Your skin blends seamlessly with your
                  | surroundings (Stealth++). [Xom's grace]
  5838 | D:1      | Gained mutation: You are partially covered in iridescent
                  | scales. (AC +2) [Xom's grace]
  5838 | D:1      | Gained mutation: You expend magic power (3 MP) to
                  | strengthen your wands. [Xom's grace]
  5839 | D:1      | XOM: cloud trail
  5959 | D:2      | XOM: silly message
  5973 | D:2      | Reached XP level 3. HP: 26/26 MP: 2/2
  6020 | D:2      | XOM is BORED!
  6020 | D:2      | XOM: give mutation
  6020 | D:2      | Lost mutation: You have a pair of small antennae on your
                  | head. [Xom's mischief]
  6032 | D:2      | Reached skill level 1 in Stealth
  6151 | D:2      | XOM: 9-stop teleportation journey
  6234 | D:2      | Reached skill level 2 in Stealth
  6234 | D:2      | Reached XP level 4. HP: 31/31 MP: 3/3
  6360 | D:2      | XOM: god gift: 52 gold pieces
  6424 | D:2      | XOM: give mutations
  6424 | D:2      | Gained mutation: One of your tentacles bears a spike.
                  | [Xom's mischief]
  6424 | D:2      | Lost mutation: You expend magic power (3 MP) to strengthen
                  | your wands. [Xom's mischief]
  6424 | D:2      | Lost mutation: Your magical capacity is low. (-10% MP)
                  | [Xom's mischief]
  6505 | D:3      | Noticed a scorpion
  6506 | D:3      | Noticed an eye of devastation
  6509 | D:3      | Killed a scorpion
  6510 | D:3      | Reached skill level 3 in Stealth
  6510 | D:3      | Reached XP level 5. HP: 33/36 MP: 5/5
  6510 | D:3      | Found a faded altar of an unknown god.
  6512 | D:3      | Noticed a floating eye
  6513 | D:3      | Noticed a floating eye
  6513 | D:3      | Noticed a great orb of eyes
  6566 | D:3      | Reached skill level 4 in Stealth
  6579 | D:3      | XOM: polymorph orc -> hobgoblin
  6632 | D:3      | Noticed Natasha
  6649 | D:3      | Noticed Ijyb
  6660 | D:3      | Killed Ijyb
  6661 | D:3      | Reached skill level 5 in Stealth
  6672 | D:3      | Found Tudywk Fidi's Jewellery Boutique.
  6751 | D:3      | Killed Natasha
  6752 | D:3      | Reached XP level 6. HP: 43/43 MP: 6/6
  6767 | D:3      | Noticed Natasha
  6777 | D:3      | Killed Natasha
  6889 | D:3      | Noticed Jessica
  6896 | D:3      | Noticed Natasha
  6903 | D:3      | Killed Jessica
  6904 | D:3      | Reached skill level 1 in Evocations
  6912 | D:3      | XOM: summons 6 friendly demons
  6913 | D:3      | Killed Natasha
  7029 | D:3      | XOM: scenery: create altars
  7196 | D:4      | Reached skill level 6 in Stealth
  7271 | D:4      | Identified the +0 hat of True Grit {SInv} (Xom gifted it to
                  | you on level 4 of the Dungeon)
  7271 | D:4      | XOM: god gift: +0 hat of True Grit {SInv}
  7482 | D:4      | Found a stormy altar of Qazlal.
  7494 | D:4      | Found a bloodstained altar of Trog.
  7544 | D:4      | Reached XP level 7. HP: 47/47 MP: 7/7
  7563 | D:4      | Identified the +9 mace of Insufficient Pleasure {protect,
                  | rC+++ Str+3 Int+2 Dex-5}
  7607 | D:4      | Found a staircase to the Ecumenical Temple.
  7647 | D:4      | XOM: torment (25/47 hp)
  7840 | D:4      | Found a radiant altar of Vehumet.
  7842 | D:4      | Found an ancient bone altar of Kikubaaqudgha.
  7912 | D:5      | Entered Level 5 of the Dungeon
  8048 | D:5      | Reached skill level 5 in Short Blades
  8054 | D:5      | XOM: confuse monster(s)
  8093 | D:5      | XOM: summons friendly crimson imp
  8100 | D:5      | XOM: divination: detect creatures
  8138 | D:5      | Found a sparkling altar of Nemelex Xobeh.
  8180 | D:5      | Reached skill level 1 in Unarmed Combat
  8215 | D:5      | Found a sacrificial altar of Ru.
  8239 | D:5      | Found Hunn's General Store.
  8248 | D:5      | Reached skill level 7 in Stealth
  8248 | D:5      | Reached XP level 8. HP: 54/54 MP: 8/8
  8266 | D:5      | Found Fuawkoq's Antique Weapon Shoppe.
  8280 | D:5      | XOM: cleaving
  8300 | D:5      | XOM: smoke on damage
  8492 | D:5      | Found a basalt altar of Yredelemnul.
  8525 | D:5      | Found a shimmering altar of Xom.
  8558 | D:5      | Bought a scroll of identify for 30 gold pieces
  8572 | D:5      | XOM: silly message
  8675 | D:5      | XOM: god gift: 33 gold pieces
  8751 | D:5      | XOM: silly message
  8783 | D:5      | Found Voivet's Magic Scroll Boutique.
  8815 | D:5      | XOM: scenery: 1 doors close
  8818 | D:5      | Found Sokeshi's Assorted Antiques.
  8825 | D:5      | Bought 2 lumpy white potions for 46 gold pieces
  8825 | D:5      | Bought 2 brown potions for 46 gold pieces
  8971 | D:6      | Reached skill level 8 in Stealth
  9227 | D:6      | Noticed Pikel
  9231 | D:6      | Pikel changed into Pikel the yak
  9231 | D:6      | Noticed Pikel
  9260 | D:6      | Killed Pikel the yak
  9261 | D:6      | Reached skill level 9 in Stealth
  9261 | D:6      | Reached XP level 9. HP: 53/60 MP: 9/9
  9443 | D:6      | Reached skill level 5 in Fighting
  9529 | D:6      | XOM: potion effect (might)
  9671 | D:6      | XOM: cleaving
 10039 | D:7      | XOM: polymorph kobold -> rat
 10083 | D:6      | HP: 1/58 [asphyx]
 10084 | D:6      | Succumbed to a kobold brigand's curare-tipped dart

Illustrated notes

Levels and vault maps discovered:
D:1:      moated_graveyard_arrival, layout_rooms
D:2:      layout_basic
D:3:      layout_rooms, serial_shops, nicolae_shop_gaudy_bauble,
          hellmonk_ecumenical_altar_watching_god, uniq_natasha, uniq_ijyb,
          uniq_jessica
D:4:      layout_basic, nicolae_qazlal_general_emergency,
          nicolae_overflow_hidden_temple, minmay_temple_entry_butterflies
D:5:      layout_gridville, yredelemnul_forgotten_temple_becter,
          nemelex_diamond_rough_becter, nicolae_ru_path_of_blood,
          mainiacjoe_overflow_six_doors_small, serial_shops,
          nicolae_shop_advertising_works [nicolae_subvault_shop_adworks],
          nicolae_shop_overgrown_old_shop, nicolae_stop_n_shop_2,
          nicolae_take_the_stairs, minmay_ogre_servants
D:6:      layout_loops_corners, uniq_pikel
D:7:      layout_loops_ring, serial_glass, glass_columns_b, glass_columns_a,
          st_stairs_14

Skill      XL: |  1  2  3  4  5  6  7  8  9 |
---------------+----------------------------+-----
Stealth        | 2 3 5 6 7 9 |  9.6
Short Blades   | 4 5 6 |  6.9
Dodging        | 3 4 |  4.4
Evocations     | 1 2 4 |  4.7
Fighting       | 4 5 |  5.2
Unarmed Combat | 1 |  1.2
Shapeshifting  | |  0.5

Action                     |  1- 3 |  4- 6 |  7- 9 || total
---------------------------+-------+-------+-------++-------
  Melee: Short sword       |    72 |    81 |   100 ||   253
         Constrict         |    17 |    15 |    41 ||    73
         Tentacles         |    14 |    17 |    53 ||    84
         Kick              |       |    27 |    73 ||   100
         Punch             |       |     2 |     4 ||     6
         Unarmed           |       |    15 |       ||    15
         Dagger            |       |       |    85 ||    85
  Evoke: Wand              |       |       |     3 ||     3
    Use: Scroll            |       |       |     2 ||     2
         Potion            |       |       |     1 ||     1
   Stab: Sleeping          |     7 |    11 |    16 ||    34
         Petrified         |     1 |       |       ||     1
         Distracted        |       |     1 |     3 ||     4
 Armour: Skin              |    21 |    33 |    90 ||   144
  Dodge: Dodged            |    34 |    46 |   109 ||   189

Table legend: (Time is in decaauts)
 A = Elapsed time spent in this place.
 B = Non-inter-level travel time spent in this place.
 C = Inter-level travel time spent in this place.
 D = Time resting spent in this place.
 E = Time spent auto-exploring this place.
 F = Levels seen in this place.
 G = Mean time per level.
                   A        B        C        D        E       F      G
               +--------+--------+--------+--------+--------+-----+--------+
         Total |  10002 |   9789 |    213 |   5532 |   3275 |   7 | 1428.9 |
       Dungeon |  10002 |   9789 |    213 |   5532 |   3275 |   7 | 1428.9 |
               +--------+--------+--------+--------+--------+-----+--------+

Top non-repeatable levels by time:
     D:1: 5778 daAuts
     D:6: 1168 daAuts
     D:5: 946 daAuts
     D:4: 852 daAuts
     D:2: 714 daAuts
     D:3: 532 daAuts
     D:7: 11 daAuts
